 Dungeon Crawl Stone Soup version 0.30-a0-743-gbfdf073431 (webtiles) character file.

Game seed: 7474135014917912935

93 oldriver the Shooter (level 5, -15/45 HPs)
             Began as a Meteoran Hunter on Feb 7, 2023.
             Demolished by an ogre
             ... wielding a +0 giant club
              (21 damage)
             ... on level 4 of the Dungeon.
             The game lasted 00:04:43 (1165 turns).

oldriver the Shooter (Meteoran Hunter)              Turns: 1165, Time: 00:04:43

Health: -15/45     AC:  5    Str: 12    XL:     5   Next: 15%
Magic:  6/6        EV: 12    Int: 11    God:
Gold:   180        SH:  0    Dex: 19    Spells: 4/4 levels left

rFire   . . .      SeeInvis .    a - +0 shortbow
rCold   + . .      Faith    .    (shield currently unavailable)
rNeg    . . .      Spirit   .    c - +0 leather armour
rPois   .          Reflect  .    (no helmet)
rElec   .          Harm     .    (no cloak)
rCorr   .          Rampage  .    r - +0 pair of gloves
Will    .....                    k - +0 pair of boots
Stlth   +                        (no amulet)
HPRegen 0.27/turn                s - ring of protection from cold
MPRegen 0.10/turn                (no ring)

@: glowing
A: sense surroundings 1, otherworldly, glowing, explore regen
a: no special abilities


You were on level 4 of the Dungeon.
You visited 1 branch of the dungeon, and saw 4 of its levels.

You collected 210 gold pieces.
You spent 30 gold pieces at shops.

Inventory:

Hand Weapons
 a - a +0 shortbow (weapon)
Armour
 c - a +0 leather armour (worn)
 g - a +0 buckler
 k - a +0 pair of boots (worn)
 r - a +0 pair of gloves (worn)
Jewellery
 s - a ring of protection from cold (left hand)
Scrolls
 b - a scroll of immolation
 d - 2 scrolls of teleportation {unknown}
 e - a scroll of enchant armour {unknown}
 f - 3 scrolls of identify {unknown}
 j - a scroll of fear {unknown}
 q - a scroll of vulnerability {unknown}
Potions
 h - a potion of haste {unknown}
 i - 3 potions of heal wounds {unknown}
 l - a potion of brilliance {unknown}
 m - 2 potions of attraction {unknown}
 n - a potion of curing
 o - 2 potions of might {unknown}
 p - a potion of degeneration {unknown}
 t - a potion of flight {unknown}


   Skills:
 + Level 3.3 Fighting
 * Level 5.9 Ranged Weapons
 - Level 2.4 Dodging
 - Level 0.6 Stealth


You had 4 spell levels left.
You didn't know any spells.
Your spell library contained the following spells:

 Spells                   Type           Power      Damage    Failure   Level
 Apportation              Tloc           0%         N/A       41%         1
 Magic Dart               Conj           0%         1d3       41%         1
 Searing Ray              Conj           0%         2d4       56%         2
 Fulminant Prism          Conj/Hex       0%         3d5       99%         4
 Alistair's Intoxication  Tmut/Pois      0%         N/A       100%        5


Dungeon Overview and Level Annotations

Branches:
Dungeon (4/15) Zot: 1183
 Temple: D:4-7

Altars:
Ashenzari

Shops:
D:2 !


Innate Abilities, Weirdness & Mutations

You passively map a small area around you.
You are easily found by Zot.
You glow in the dark.
You regain HP and MP as you explore.


Message History

Found 4 gold pieces.
Found a yellow potion.
You now have 158 gold pieces (gained 4).
t - a yellow potion
There is a stone staircase leading down here.
You climb downwards.
HP restored.
The kobold shouts!
Found 22 gold pieces.
There is a stone staircase leading up here.
You shoot an arrow.
The arrow hits the kobold but does no damage.
You shoot an arrow. The arrow barely misses the kobold.
The kobold throws a stone.
The stone closely misses you.
You shoot an arrow. The arrow hits the kobold.
You kill the kobold!
No target in view!
No target in view!
Things that are here:
a +0 whip; 4 stones; a kobold corpse You now have 170 gold pieces (gained 12).
You now have 180 gold pieces (gained 10).
An ogre comes into view. It is wielding a +0 giant club.
The ogre shouts!
A giant cockroach comes into view.
Fire: a) +0 shortbow
Press: ? - help, Shift-Dir - straight line, f - ogre
Aim: an ogre, wielding a +0 giant club (77% to hit)
You shoot an arrow. The arrow barely misses the ogre.
The ogre hits you with a +0 giant club!!
You aren't carrying any items that you can evoke.
Fire: a) +0 shortbow
Press: ? - help, Shift-Dir - straight line, f/p - ogre
Aim: an ogre, wielding a +0 giant club (77% to hit)
The ogre attacks as you move away!
The ogre hits you with a +0 giant club!!
Ouch! That really hurt!
* * * LOW HITPOINT WARNING * * *
The ogre attacks as you move away!
The ogre hits you with a +0 giant club!!
You die...

* #............#*
* *
#............## ,
* #.............#
, ,
#.............# ,*
#.............##
##........B.....#
,
#...............#
,
#..........O....##
#...........@....#
##...............#
#..........<...##
* #.............##
#............## *,
#...........##
..........)...##
,,, ,
#####.......### ,
* ###....##


You could see an ogre and a giant cockroach.

Vanquished Creatures
  2 adders (D:3)
  3 dart slugs
  6 orcs (D:3)
  2 ball pythons
  5 bats
  2 endoplasms (D:1)
  5 giant cockroaches
  3 goblins
  2 hobgoblins
  8 jackals
  7 kobolds
  4 quokkas
  2 frilled lizards
  6 rats
57 creatures vanquished.

Notes
Turn   | Place    | Note
-------+----------+-------------------------------------------
     0 | D:1      | oldriver the Meteoran Hunter began the quest for the Orb.
     0 | D:1      | Reached XP level 1. HP: 17/17 MP: 2/2
   140 | D:1      | Reached XP level 2. HP: 18/25 MP: 3/3
   308 | D:1      | Reached XP level 3. HP: 30/30 MP: 4/4
   313 | D:1      | Reached skill level 5 in Ranged Weapons
   320 | D:1      | Found a faded altar of an unknown god.
   553 | D:2      | Found a broken altar of Ashenzari.
   608 | D:2      | Reached XP level 4. HP: 37/37 MP: 5/5
   616 | D:2      | Found Gian's Distillery.
   624 | D:2      | Bought a potion of curing for 30 gold pieces
   836 | D:3      | Found a broken altar of Ashenzari.
   954 | D:3      | Reached XP level 5. HP: 45/45 MP: 6/6
  1150 | D:4      | Noticed an ogre
  1165 | D:4      | Demolished by an ogre

Illustrated notes

Levels and vault maps discovered:
D:1:      psy_arrival_whirlpool, layout_basic, serial_shops,
          nicolae_shop_advertising_works [nicolae_subvault_shop_adworks],
          hellmonk_ecumenical_altar_dog_temple
D:2:      layout_loops_cross, serial_shops, shop, basic_altar,
          minmay_close_crescents
D:3:      layout_basic, ashenzari_altar_1, nicolae_ru_path_of_blood,
          chequers_serial_rivers_small_3, minmay_circle_x
D:4:      layout_cave_pods, uniq_ijyb

Skill      XL: |  1  2  3  4 |
---------------+-------------+-----
Ranged Weapons | 5 |  5.9
Fighting       | 3 |  3.3
Dodging        | |  2.4
Stealth        | |  0.6

Action                     |  1- 3 |  4- 6 || total
---------------------------+-------+-------++-------
   Fire: Shortbow          |    88 |    82 ||   170
 Armour: Leather armour    |    26 |    19 ||    45
  Dodge: Dodged            |    37 |    49 ||    86

Table legend: (Time is in decaauts)
 A = Elapsed time spent in this place.
 B = Non-inter-level travel time spent in this place.
 C = Inter-level travel time spent in this place.
 D = Time resting spent in this place.
 E = Time spent auto-exploring this place.
 F = Levels seen in this place.
 G = Mean time per level.
                   A        B        C        D        E       F      G
               +--------+--------+--------+--------+--------+-----+--------+
         Total |   1216 |   1143 |     73 |      0 |      0 |   4 |  304.0 |
       Dungeon |   1216 |   1143 |     73 |      0 |      0 |   4 |  304.0 |
               +--------+--------+--------+--------+--------+-----+--------+

Top non-repeatable levels by time:
     D:1: 463 daAuts
     D:3: 371 daAuts
     D:2: 336 daAuts
     D:4: 46 daAuts
